Map: Dreamcatcher LE

Players

Friend

  • Race: Zerg Zerg
  • League: Diamond
  • Spawn Location: 11:00

DeathspelL - Winner!

  • Race: Zerg Zerg
  • League: Diamond
  • Spawn Location: 5:00

VOD

Have the link to the VOD?

Description

Something :P

Time

  • Played on: Aug. 7, 2018, 9:44 a.m.
  • Length: 12:35
Show
View Real Time Build Order
Export as new Build Order

Friend Zerg 

Build Orders: Pool First 

Get SALT Encoding   

  12  0:03  Drone  
  13  0:13  Overlord  
  13  0:20  Drone  
  14  0:32  Drone x2  
  16  0:36  Drone  
  17  0:47  Drone  
  18  0:50  Spawning Pool  
  17  1:00  Drone  
  17  1:03  Extractor  
  17  1:09  Drone  
  18  1:20  Hatchery  
  17  1:26  Drone  
  17  1:30  Drone  
  19  1:40  Queen  
  21  1:54  Zergling x2  
  22  1:55  Overlord  
  22  2:13  Zergling x4  
  24  2:16  Metabolic Boost  
  24  2:24  Queen  
  24  2:25  Drone  
  27  2:31  Queen  
  27  2:33  Drone  
  30  2:44  Drone x2  
  32  2:53  Overlord  
  32  2:58  Drone  
  32  2:59  Drone  
  34  3:21  Drone x2  
  35  3:33  Drone x2  
  36  3:35  Overlord x2  
  36  3:40  Evolution Chamber  
  34  3:42  Evolution Chamber  
  33  3:55  Spine Crawler  
  32  3:57  Zergling x12  
  32  3:58  Zergling x4  
  36  4:09  Zergling x2  
  36  4:10  Zergling x6  
  36  4:14  Spine Crawler  
  32  4:36  Drone  
  32  4:37  Drone x4  
  32  4:38  Queen x2  
  40  4:42  Zerg Melee Weapons Level 1, Zerg Ground Armor Level 1  
  36  4:55  Zergling x6  
  36  5:10  Zergling x2  
  36  5:11  Zergling x6  
  39  5:47  Drone x3  
  39  5:48  Drone x3  
  45  5:52  Roach Warren  
  44  6:13  Drone x2  
  44  6:14  Drone  
  47  6:25  Hatchery  
  46  6:27  Extractor  
  46  6:28  Drone x3  
  46  6:29  Drone x3, Extractor  
  46  6:30  Overlord  
  50  6:37  Zerg Missile Weapons Level 1  
  44  7:02  Roach  
  44  7:03  Roach x6  
  44  7:06  Lair  
  44  7:07  Overlord x2  
  58  7:17  Pneumatized Carapace  
  58  7:19  Roach  
  58  7:22  Overlord  
  60  7:33  Drone x10  
  70  7:38  Queen  
  72  7:44  Zergling x4  
  74  7:56  Roach  
  74  7:57  Roach x3  
  81  7:59  Queen  
  83  8:09  Roach x2  
  83  8:10  Roach  
  83  8:12  Nydus Network, Overlord x3  
  88  8:25  Zerg Ground Armor Level 2  
  88  8:31  Zerg Missile Weapons Level 2  
  88  8:33  Queen x2  
  92  8:35  Queen  
  92  8:36  Zergling x8  
  98  9:01  Nydus Canal  
  96  9:10  Roach x7  
  96  9:11  Roach x2  
  102  9:26  Roach  
  102  9:27  Roach x6  
  102  9:38  Roach  
  98  9:39  Roach x3  
  71  10:10  Roach  
  71  10:11  Roach x5  
  71  10:12  Queen  
  84  10:20  Nydus Canal  
  84  10:28  Hatchery  
  75  10:39  Nydus Canal  
  75  10:54  Hatchery  
  74  11:01  Nydus Canal  
  72  11:04  Zergling x2  
  72  11:05  Zergling x16  
  69  11:33  Zergling x8  
  33  12:07  Roach x4  
  33  12:08  Roach x7  
  38  12:27  Hatchery  
  35  12:32  Hatchery  
Show
View Real Time Build Order
Export as new Build Order

DeathspelL Zerg - Winner!

Build Orders: Hatch First 

Get SALT Encoding   

  12  0:01  Drone  
  13  0:12  Overlord  
  13  0:19  Drone  
  14  0:30  Drone x2  
  14  0:34  Drone  
  17  0:54  Hatchery  
  17  0:57  Drone  
  17  0:59  Drone  
  17  1:02  Extractor  
  17  1:15  Spawning Pool  
  16  1:19  Drone  
  16  1:24  Drone  
  18  1:30  Drone  
  19  1:39  Drone  
  20  1:49  Overlord  
  20  2:05  Metabolic Boost  
  20  2:08  Queen x2  
  20  2:09  Zergling x2  
  20  2:11  Zergling x2  
  26  2:17  Zergling x2  
  27  2:24  Drone x2  
  29  2:34  Drone x2  
  31  2:45  Drone x2  
  33  2:52  Zergling x2  
  34  3:08  Zergling x2  
  34  3:09  Zergling x2  
  35  3:13  Baneling Nest, Hatchery  
  33  3:21  Zergling x4  
  35  3:43  Overlord x2  
  35  3:56  Overlord x2  
  31  4:10  Baneling x2  
  31  4:12  Zergling x10  
  31  4:13  Zergling x8  
  38  4:25  Queen  
  39  4:39  Baneling x3  
  39  4:43  Drone x5  
  39  4:44  Drone x6  
  50  4:49  Zergling x4  
  48  4:57  Drone  
  48  4:58  Drone  
  48  5:01  Queen  
  48  5:18  Zergling x14  
  52  5:44  Baneling x4  
  52  5:46  Drone x4  
  52  5:47  Drone x3  
  52  5:49  Extractor  
  58  5:51  Extractor  
  58  5:55  Evolution Chamber, Lair  
  58  5:56  Roach Warren  
  55  5:57  Drone x3  
  55  5:58  Extractor  
  55  6:18  Drone x2  
  57  6:21  Drone  
  57  6:22  Drone x3  
  61  6:31  Overlord x2  
  61  6:38  Roach x2  
  65  6:43  Zerg Missile Weapons Level 1  
  62  6:55  Drone x2  
  62  6:56  Drone x11  
  75  7:03  Hydralisk Den  
  74  7:13  Baneling x4  
  74  7:19  Extractor, Roach x3  
  74  7:20  Roach  
  74  7:21  Overlord x4  
  81  7:22  Extractor  
  81  7:23  Glial Reconstitution  
  81  7:29  Drone  
  81  7:34  Muscular Augments  
  81  7:39  Hydralisk  
  81  7:40  Hydralisk x5  
  93  8:09  Hydralisk  
  93  8:10  Hydralisk x6  
  93  8:12  Overlord x6  
  107  8:13  Overlord  
  107  8:15  Drone x2  
  107  8:16  Drone  
  107  8:17  Drone  
  107  8:18  Drone  
  112  8:24  Drone  
  112  8:26  Overlord  
  113  8:34  Hydralisk  
  115  8:45  Grooved Spines  
  115  8:47  Zergling x4  
  117  8:49  Hydralisk  
  117  8:50  Hydralisk x3  
  125  8:59  Zerg Missile Weapons Level 2  
  125  9:04  Hydralisk x4  
  131  9:12  Overseer  
  131  9:14  Roach  
  131  9:15  Roach x4  
  132  9:28  Hydralisk  
  132  9:29  Hydralisk x4  
  110  10:04  Roach x8  
  110  10:05  Roach x4  
  126  10:19  Roach  
  126  10:20  Roach x2  
  130  10:30  Extractor  
  129  10:57  Queen  
  128  11:10  Spine Crawler x2  
  126  11:11  Drone x2  
  126  11:12  Spine Crawler  
  126  11:13  Roach x3  
  126  11:14  Roach x3  
  123  11:38  Roach x5  
  123  11:39  Roach x8  
Tags
 
Add a new tag
Caveats
  • Supply blocks, unpowered buildings, or Contaminate may cause inaccurate times.
  • Supply counts are checked every 10 seconds.